 Dungeon Crawl Stone Soup version 0.20.0 (webtiles) character file.

422 atomicknyte the Magician (level 6, -5/29 HPs)
             Began as a Spriggan Transmuter on June 2, 2017.
             Was an Initiate of Okawaru.
             Slain by a water moccasin (6 damage)
             ... on level 5 of the Dungeon.
             The game lasted 00:33:24 (5226 turns).

atomicknyte the Magician (Spriggan Transmuter)      Turns: 5226, Time: 00:33:25

Health: -5/29      AC:  2    Str: 12    XL:     6   Next: 63%
Magic:  11/13      EV: 20    Int: 15    God:    Okawaru [......]
Gold:   166        SH:  0    Dex: 22    Spells: 4/14 levels left

rFire    . . .     SeeInvis +     - Unarmed
rCold    . . .     Gourm    .   (shield currently unavailable)
rNeg     . . .     Faith    .   (armour currently unavailable)
rPois    x         Spirit   .   (helmet currently unavailable)
rElec    .         Reflect  .   (cloak currently unavailable)
rCorr    .         Harm     .   (gloves unavailable)
MR       +....                  (boots unavailable)
Stlth    +++.......             (no amulet)
Regen    0.1/turn               t - +5 ring of strength
MPRegen  0.2/turn               (no ring)

@: lethally poisoned (-5 -> -27), spider-form, drained
A: unfitting armour, see invisible, herbivore 3, slow metabolism 2
a: End Transformation, Renounce Religion


You were on level 5 of the Dungeon.
You worshipped Okawaru.
Okawaru was noncommittal.
You were not hungry.
You were a venomous arachnid creature.
You visited 2 branches of the dungeon, and saw 8 of its levels.

You collected 188 gold pieces.
You spent 22 gold pieces at shops.

Inventory:

Hand Weapons
 e - a +0 club
 k - a +2 short sword of venom
 s - a +3 short sword of draining (melded)
Missiles
 a - 48 arrows
 g - 156 stones (quivered)
 h - 10 poisoned needles
Armour
 b - a +0 robe (melded)
Jewellery
 t - a +5 ring of strength (left front leg)
Wands
 r - a wand of flame (8/48)
 v - a wand of acid (8/15)
Scrolls
 f - 4 scrolls of teleportation
 i - a scroll of amnesia
 m - a scroll of fog {unknown}
 n - 4 scrolls of remove curse
 p - a scroll of immolation {unknown}
 q - 2 scrolls of identify
Potions
 j - 4 potions of curing
 l - a potion of mutation
 o - 2 potions of heal wounds
 u - a potion of resistance {unknown}
Books
 c - a book of Changes

   Spells                             Type                      Level
   a - Beastly Appendage              Transmutation                1
   b - Sticks to Snakes               Transmutation                2
   c - Spider Form                    Transmutation/Poison         3
   d - Ice Form                       Ice/Transmutation            4
   e - Blade Hands                    Transmutation                5
Comestibles
 d - 2 bread rations


   Skills:
 - Level 0.7(0.1) Fighting
 - Level 2.4(1.7) Throwing
 - Level 3.0(2.3) Dodging
 - Level 2.9(2.2) Stealth
 - Level 3.5(2.9) Unarmed Combat
 - Level 4.6(4.0) Spellcasting
 - Level 4.5(3.8) Transmutations
 * Level 1.4(0.9) Ice Magic
 + Level 1.2(0.6) Poison Magic


You had 4 spell levels left.
You knew the following spells:

 Your Spells              Type           Power        Failure   Level  Hunger
a - Beastly Appendage     Tmut           ##....       12%         1    None
f - Spider Form           Tmut/Pois      #.........   43%         3    ###....
i - Ice Form              Ice/Tmut       ##......     77%         4    ####...
s - Sticks to Snakes      Tmut           ##......     16%         2    ##.....


Dungeon Overview and Level Annotations

Branches:
Dungeon (7/15)             Temple (1/1) D:4

Altars:
Ashenzari
Cheibriados
Dithmenos
Elyvilon
Fedhas
Gozag
Hepliaklqana
Kikubaaqudgha
Makhleb
Nemelex Xobeh
Okawaru
Qazlal
Ru
Sif Muna
Trog
Uskayaw
Vehumet
Xom
Yredelemnul
Zin
The Shining One

Shops:
D:4 *

Annotations:
D:3 Arglure's ghost, amateur DsSk


Innate Abilities, Weirdness & Mutations

You are very small and have problems with some larger weapons.
You are too small for most types of armour.
You have supernaturally acute eyesight. (SInv)
You are a herbivore.
((You cover ground extremely quickly.))
You need consume almost no food.


Message History

The water moccasin poisons you!
You hit the water moccasin.
The water moccasin is lightly wounded.
You feel very sick. The water moccasin closely misses you.
You closely miss the water moccasin.
The water moccasin is lightly wounded.
You feel sick. The water moccasin misses you.
The water moccasin completely misses you.
* * * LOW HITPOINT WARNING * * *
You feel very sick.
* * * LOW HITPOINT WARNING * * *
You feel sick. The water moccasin misses you.
* * * LOW HITPOINT WARNING * * *
You feel sick.
* * * LOW HITPOINT WARNING * * *
You feel sick.
* * * LOW HITPOINT WARNING * * *
You feel sick. The water moccasin bites you.
You die...

###############
#.s...........#
#S###########.# #c#
#.#### #.# #)#..
####.#### #.#.#
#c)..>..########.#.#
#.##.##.##.........#
#.##.##.##.#####.#.###
#S##.##.##.# ##.....#


You could see a water moccasin and a centaur.

Vanquished Creatures
  An ogre (D:6)
  A wight (D:6)
  2 orc wizards
  Natasha (D:2)
  3 worker ants
  4 adders
  An ooze (D:5)
  3 worms
  2 dart slugs (D:3)
  5 leopard geckos
  15 orcs
  2 giant cockroaches
  7 goblins
  7 hobgoblins
  4 jackals (D:6)
  2 quokkas
  A ball python (D:4)
  3 bats
  A frilled lizard (D:4)
  5 kobolds
  A quokka skeleton (D:6)
  6 rats
77 creatures vanquished.

Notes
Turn   | Place    | Note
-------+----------+-------------------------------------------
     0 | D:1      | atomicknyte the Spriggan Transmuter began the quest for the Orb.
     0 | D:1      | Reached XP level 1. HP: 9/9 MP: 5/5
   250 | D:1      | Reached XP level 2. HP: 14/14 MP: 6/6
   409 | D:1      | Reached skill level 1 in Throwing
   779 | D:2      | Learned a level 2 spell: Sticks to Snakes
   861 | D:2      | Reached XP level 3. HP: 17/17 MP: 6/8
   977 | D:2      | Noticed Natasha
  1354 | D:3      | Reached skill level 1 in Stealth
  1912 | D:3      | Reached XP level 4. HP: 3/21 MP: 7/9
  2212 | D:2      | Killed Natasha
  2367 | D:3      | Noticed Arglure's ghost (amateur DsSk)
  2540 | D:3      | Reached XP level 5. HP: 22/25 MP: 10/10
  2654 | D:3      | Learned a level 3 spell: Spider Form
  2667 | D:3      | Learned a level 4 spell: Ice Form
  3268 | D:4      | Found a staircase to the Ecumenical Temple.
  3318 | Temple   | Entered the Ecumenical Temple
  3509 | Temple   | Became a worshipper of Warmaster Okawaru
  3951 | D:5      | Entered Level 5 of the Dungeon
  3951 | D:5      | Noticed a centaur
  3993 | D:4      | Found Tazu's General Store.
  4001 | D:4      | Bought a scroll of identify for 22 gold pieces
  4341 | D:6      | Noticed an ogre
  4351 | D:6      | Killed an ogre
  4351 | D:6      | Reached XP level 6. HP: 29/29 MP: 11/13
  4455 | D:7      | Found an iron altar of Okawaru.
  4593 | D:6      | Found a sparkling altar of Nemelex Xobeh.
  4664 | D:6      | Reached skill level 1 in Ice Magic
  4664 | D:6      | Reached skill level 1 in Poison Magic
  5210 | D:5      | Noticed a water moccasin
  5226 | D:5      | HP: 1/29 [poisoned by a water moccasin]
  5226 | D:5      | Slain by a water moccasin

Skill      XL: |  1  2  3  4  5  6 |
---------------+-------------------+-----
Throwing       | 2 |  2.4
Stealth        | 2 |  2.9
Unarmed Combat | 3 |  3.5
Spellcasting   | 3 4 |  4.6
Transmutations | 4 |  4.5
Ice Magic      | 1 |  1.4
Poison Magic   | 1 |  1.2
Fighting       | |  0.7
Dodging        | |  3.0

Action                   |  1- 3 |  4- 6 || total
-------------------------+-------+-------++-------
Melee: Club              |    24 |       ||    24
       Unarmed           |     4 |     4 ||     8
       Kick              |     6 |     2 ||     8
       Headbutt          |     3 |     4 ||     7
       Short sword       |    45 |   110 ||   155
       Punch             |       |     2 ||     2
Throw: Stone             |    13 |   103 ||   116
       Tomahawk          |    67 |       ||    67
 Cast: Beastly Appendage |    10 |    11 ||    21
       Sticks to Snakes  |       |     4 ||     4
       Spider Form       |       |     1 ||     1
Evoke: Wand              |       |    20 ||    20
  Use: Potion            |     1 |       ||     1
       Scroll            |       |     7 ||     7
 Stab: Sleeping          |     1 |     3 ||     4
       Distracted        |     1 |       ||     1
  Eat: Bread ration      |       |     1 ||     1
Armor: Robe              |     4 |     7 ||    11
Dodge: Dodged            |    77 |    86 ||   163
